 Dungeon Crawl Stone Soup version 0.13.0-26-gf7ffa3a (webtiles) character file.

149 M4edhros the Sneak (level 3, -11/24 HPs)
             Began as an Octopode Artificer on Nov 2, 2013.
             Killed from afar by an orc wizard (12 damage)
             ... with a puff of flame
             ... on Level 3 of the Dungeon.
             The game lasted 00:01:05 (877 turns).

M4edhros the Sneak (Octopode Artificer)              Turns: 877, Time: 00:01:06

HP -11/24        AC  1     Str 10      XL: 3   Next: 93%
MP   4/4         EV 12     Int 15      God:
Gold 94          SH  0     Dex 12      Spells:  0 memorised,  2 levels left

Res.Fire  : . . .   See Invis. : .   h - +0,+1 dagger (venom)
Res.Cold  : . . .   Warding    : .   (no shield)
Life Prot.: . . .   Conserve   : .   (helmet restricted)
Res.Poison: .       Res.Corr.  : .   (no amulet)
Res.Elec. : .       Clarity    : .   (no ring)
Sust.Abil.: . .     Spirit.Shd : .   (no ring)
Res.Mut.  : .       Stasis     : .   (no ring)
Res.Rott. : .       Flight     : .   (no ring)
Saprovore : . . .                    (no ring)
                                     (no ring)
                                     (no ring)
                                     (no ring)

@: mildly poisoned, not resistant to hostile enchantments, very stealthy
A: almost no armour, amphibious, 8 rings, constrict 8, camouflage 1, AC +1
a: no special abilities


You were on level 3 of the Dungeon.
You were not hungry.

You visited 1 branch of the dungeon, and saw 3 of its levels.

You collected 74 gold pieces.

Inventory:

Hand weapons
 a - a +0,+0 short sword
 h - a +0,+1 dagger of venom (weapon)
Magical devices
 b - a wand of flame (15)
 c - a wand of enslavement (14)
 d - a wand of random effects (14)
Comestibles
 f - a bread ration
Scrolls
 e - a scroll of identify {unknown}


   Skills:
 - Level 1.0 Fighting
 - Level 1.0 Short Blades
 - Level 2.0 Dodging
 + Level 5.3 Stealth
 - Level 3.2 Evocations


You had 2 spell levels left.
You didn't know any spells.

Dungeon Overview and Level Annotations

Branches:
Dungeon (3/27)

Altars:


Innate Abilities, Weirdness & Mutations

You cannot wear most types of armour.
You are amphibious.
You can wear up to eight rings at the same time.
You can use your tentacles to constrict many enemies at once.
Your skin changes colour to match your surroundings (Stlth).
Your rubbery body absorbs attacks (AC +1).


Message History

* * * LOW HITPOINT WARNING * * *
Drink which item? (? for menu, Esc to quit)
That liquid tasted very nasty...
You are poisoned.
It was a potion of poison.
* * * LOW HITPOINT WARNING * * *
You feel sick.
You feel a little better.
The orc wizard casts a spell.
The orc wizard seems to speed up.
Evoke which item? (* to show all) (? for menu, Esc to quit)
Zapping:
d - a wand of random effects (15)
Press: ? - help, Shift-Dir - straight line, f/p - orc wizard
Aim: an orc wizard, wielding an orcish dagger and wearing an orcish robe (moving very quickly)
The orc flickers and vanishes!
Deactivating autopickup; reactivate with Ctrl-A.
This wand has 14 charges left.
The orc wizard gestures at you while chanting.
The puff of flame hits you!
Ouch! That really hurt!
You die...

. ........ .... #........
....# ##...#..... ......
........[. ....#
###...#..... ...K# #.
#...........# ....###.
#.#...# .
........####.#...#######...
................@..S.o.g....
.............#####..oo.o....
###.##......## #.........# #
#.##......# #......... #
#.##...%..# ######...#
###.##......# #.#
............######
#.................
#.....##%##.......


You could see an orc wizard, an adder, 2 orcs, a hobgoblin and a friendly orc
priest.

Vanquished Creatures
  Terence (D:3)
  An adder (D:3)
  A worm (D:3)
  2 giant geckos
  3 goblins
  3 hobgoblins
  3 jackals (D:1)
  2 ball pythons
  4 bats
  2 giant cockroaches
  3 giant newts
  2 kobolds (D:3)
  A rat (D:2)
28 creatures vanquished.

Notes
Turn   | Place    | Note
--------------------------------------------------------------
     0 | D:1      | M4edhros, the Octopode Artificer, began the quest for the Orb.
     0 | D:1      | Reached XP level 1. HP: 14/14 MP: 1/1
   197 | D:1      | Reached XP level 2. HP: 13/19 MP: 3/3
   563 | D:3      | Noticed Terence
   573 | D:3      | Killed Terence
   573 | D:3      | Reached skill level 4 in Stealth
   573 | D:3      | Reached XP level 3. HP: 15/24 MP: 4/4
   758 | D:3      | Reached skill level 5 in Stealth
   876 | D:3      | HP: 1/24 [poison (a potion of poison)]
   877 | D:3      | Killed from afar by an orc wizard

Action                   || total
-------------------------++-------
Melee: Short sword       ||    54
       Dagger            ||     1
Evoke: Wand              ||     2
  Use: Potion            ||     1
 Stab: Sleeping          ||     5
